 Dungeon Crawl Stone Soup version 0.29.1-15-g9cfb28693d (webtiles) character file.

Game seed: 11312796412564970236

110 workbot the Cudgeller (level 4, -1/28 HPs)
             Began as a Gargoyle Berserker on Feb 28, 2023.
             Was a Believer of Trog.
             Slain by a hobgoblin (2 damage)
             ... led by Robin
             ... on level 3 of the Dungeon.
             The game lasted 00:05:55 (2232 turns).

workbot the Cudgeller (Gargoyle Berserker)          Turns: 2232, Time: 00:05:55

Health: -1/28      AC:  7    Str: 22    XL:     4   Next: 91%
Magic:  4/4        EV: 11    Int:  8    God:    Trog [**....]
Gold:   141        SH:  2    Dex:  9    Spells: 3/3 levels left

rFire   + . .      SeeInvis .   a - +0 mace
rCold   . . .      Faith    .   d - +0 buckler
rNeg    + . .      Spirit   .   b - +0 animal skin
rPois   ∞          Reflect  .   (no helmet)
rElec   +          Harm     .   g - +1 cloak of Carved Brilliance {rF+ Stlth+}
rCorr   .          Rampage  .   (no gloves)
Will    .....                   (no boots)
Stlth   ++........              (no amulet)
HPRegen 0.09/turn               (no ring)
MPRegen 0.09/turn               (no ring)

@: on berserk cooldown, slowed, very slow
A: sickness immunity, AC +3, negative energy resistance 1, electricity
resistance, torment resistance 1, petrification resistance
a: Renounce Religion, Berserk, Trog's Hand


You were on level 3 of the Dungeon.
You worshipped Trog.
Trog was pleased with you.
You visited 1 branch of the dungeon, and saw 3 of its levels.

You collected 141 gold pieces.

Inventory:

Hand Weapons
 a - a +0 mace (weapon)
Armour
 b - a +0 animal skin (worn)
 d - a +0 buckler (worn)
 g - the +1 cloak of Carved Brilliance (worn) {rF+ Stlth+}
   (You found it on level 2 of the Dungeon)

   rF:        It protects you from fire.
   Stlth:     It makes you more stealthy.
Scrolls
 f - 3 scrolls of magic mapping
 h - 2 scrolls of fear


   Skills:
 - Level 3.2 Fighting
 + Level 5.4 Maces & Flails
 - Level 2.1 Armour
 - Level 1.5 Dodging


You had 3 spell levels left.
You didn't know any spells.
Your spell library contained the following spells:

 Spells                   Type           Power      Damage    Failure   Level
 Static Discharge         Conj/Air       0%         3-3/arc   65%         2
 Dispel Undead            Necr           0%         3d6       99%         4
 Sticky Flame             Conj/Fire      0%         2d3       99%         4


Dungeon Overview and Level Annotations

Branches:
Dungeon (3/15)

Altars:

Shops:
D:1 (!(


Innate Abilities, Weirdness & Mutations

You are immune to sickness and miasma.
Your stone body is resilient. (AC +3)
You are immune to poison.
You resist negative energy. (rN+)
You are resistant to electric shocks. (rElec)
You are resistant to unholy torment.
You are immune to petrification.


Message History

The hobgoblin is almost dead.
The goblin hits you but does no damage. The hobgoblin completely misses you.
The hobgoblin barely misses you.
The hobgoblin hits you but does no damage.
The endoplasm freezes you.
You are frozen.
The hobgoblin hits you but does no damage.
The goblin hits you with a +0 club. The hobgoblin barely misses you.
The endoplasm freezes you.
You are frozen.
* * * LOW HITPOINT WARNING * * *
The hobgoblin closely misses you.
You are too injured to fight recklessly!
You sock the hobgoblin!
You kill the hobgoblin!
Trog accepts your kill. You block the goblin's attack.
The hobgoblin closely misses you. The hobgoblin barely misses you.
The endoplasm freezes you.
You are frozen.
* * * LOW HITPOINT WARNING * * *
The hobgoblin closely misses you. The goblin barely misses you.
The endoplasm closely misses you.
The hobgoblin hits you but does no damage.
You closely miss the hobgoblin. The goblin closely misses you.
The hobgoblin hits you but does no damage.
You block the hobgoblin's attack. The endoplasm completely misses you.
You block the hobgoblin's attack. You block the goblin's attack.
The endoplasm barely misses you. The hobgoblin closely misses you.
You hit the hobgoblin but do no damage. The goblin hits you but does no damage.
The hobgoblin hits you.
* * * LOW HITPOINT WARNING * * *
The hobgoblin closely misses you.
The endoplasm hits you but does no damage.
You block the hobgoblin's attack. The goblin hits you with a +0 club.
* * * LOW HITPOINT WARNING * * *
The hobgoblin closely misses you. The endoplasm barely misses you.
You closely miss the hobgoblin. The goblin hits you but does no damage.
The hobgoblin hits you.
You die... #. .#.#. ... g.# ..... #.# ..# # .gg

...#.##.# #...# ..
##g##.......# #...# #.
.S.#.###...# #...# ..
.... #.#.#####...# #.
#.###............
...##.##J...............
#.....)@gS#.............
....#.#gg....#####......
# # #.#....). #.#.<..
#...#....# #.#....
...##....# #.#....
#.........# #.#....
?.#.##.#..# #...... ..
.. ###.... .....


You could see an adder, an endoplasm, 2 hobgoblins and a goblin.

Vanquished Creatures
  4 adders
  A worm (D:2)
  A dart slug (D:1)
  An orc (D:3)
  4 bats
  10 endoplasms
  2 giant cockroaches
  6 goblins (D:3)
  5 hobgoblins
  7 jackals
  5 kobolds
  3 quokkas
  5 ball pythons
  3 frilled lizards
  5 rats (D:1)
62 creatures vanquished.

Notes
Turn   | Place    | Note
-------+----------+-------------------------------------------
     0 | D:1      | workbot the Gargoyle Berserker began the quest for the Orb.
     0 | D:1      | Reached XP level 1. HP: 14/14 MP: 1/1
     9 | D:1      | Found Jir Niol's Distillery.
    24 | D:1      | Found Vuagum's Antique Weapon Boutique.
   245 | D:1      | Reached XP level 2. HP: 19/19 MP: 2/2
   445 | D:1      | Found Xidunkel's Weapon Shoppe.
   621 | D:1      | Found a faded altar of an unknown god.
   668 | D:1      | Reached skill level 4 in Maces & Flails
   893 | D:1      | Reached XP level 3. HP: 17/23 MP: 3/3
  1284 | D:1      | HP: 1/34 [frozen (3)]
  1691 | D:2      | Reached ** piety under Trog
  1787 | D:2      | Reached XP level 4. HP: 27/28 MP: 4/4
  1857 | D:2      | Identified the +1 cloak of Carved Brilliance {rF+ Stlth+}
  1935 | D:2      | Reached skill level 5 in Maces & Flails
  2214 | D:3      | HP: 1/28 [hobgoblin[Robin] (2)]
  2231 | D:3      | HP: 1/28 [goblin/+0 club (4)]
  2232 | D:3      | Slain by a hobgoblin

Illustrated notes

Levels and vault maps discovered:
D:1:      dpeg_arrival_simpleton_a, layout_loops_cross, serial_shops,
          nicolae_shop_stone, nicolae_shop_advertising_works
          [nicolae_subvault_shop_adworks], shop,
          hellmonk_ecumenical_altar_blasted
D:2:      layout_basic
D:3:      layout_loops_cross, ashenzari_altar_1, minmay_misc_feat_rows,
          st_stairs_6, amcnicky_mini_corridor_feature, minmay_fractal_squares_5,
          uniq_robin

Skill      XL: |  1  2  3  4 |
---------------+-------------+-----
Maces & Flails | 4 5 |  5.4
Fighting       | |  3.2
Armour         | |  2.1
Dodging        | |  1.5

Action                   |  1- 3 |  4- 6 || total
-------------------------+-------+-------++-------
Melee: Mace              |   104 |    68 ||   172
Invok: Berserk           |     3 |     2 ||     5
       Trog's Hand       |       |     1 ||     1
  Use: Scroll            |     2 |     2 ||     4
       Potion            |     1 |     5 ||     6
Armor: Animal skin       |    53 |    64 ||   117
Dodge: Dodged            |    46 |   119 ||   165
Block: Buckler           |    17 |    18 ||    35
